 Dungeon Crawl Stone Soup version 0.20.1-1-g8b1a95d (webtiles) character file.

166 letownia2 the Grave Robber (level 5, 39/42 HPs)
             Began as a Deep Dwarf Necromancer on Dec 28, 2017.
             Quit the game in the Ecumenical Temple.
             The game lasted 00:06:38 (2044 turns).

letownia2 the Grave Robber (Deep Dwarf Necromancer) Turns: 2044, Time: 00:06:39

Health: 39/42      AC:  3    Str: 11    XL:     5   Next: 22%
Magic:  9/9        EV: 12    Int: 17    God:
Gold:   53         SH:  0    Dex: 13    Spells: 5/9 levels left

rFire    . . .     SeeInvis .   a - +0 dagger
rCold    . . .     Gourm    .   (no shield)
rNeg     . . .     Faith    .   d - +0 leather armour
rPois    .         Spirit   .   (no helmet)
rElec    .         Reflect  .   (no cloak)
rCorr    .         Harm     .   (no gloves)
MR       .....                  (no boots)
Stlth    ++........             (no amulet)
Regen    0.0/turn               (no ring)
MPRegen  0.2/turn               (no ring)

@: non-regenerating
A: damage resistance, heal wounds, sense surroundings 1, no regeneration
a: Heal Wounds


You were in the Ecumenical Temple.
You were not hungry.

You visited 2 branches of the dungeon, and saw 5 of its levels.

You collected 53 gold pieces.

Inventory:

Hand Weapons
 a - a +0 dagger (weapon)
 n - a +0 club
 q - a +0 spear
Missiles
 r - 3 poisoned tomahawks (quivered)
Armour
 d - a +0 leather armour (worn)
 m - a +0 robe
 s - a +0 scale mail
Wands
 l - a wand of lightning (9/15)
Scrolls
 g - a scroll of blinking {unknown}
 h - a scroll of fear {unknown}
 k - 2 scrolls of random uselessness {unknown}
 p - a scroll of fog {unknown}
Potions
 e - a potion of ambrosia {unknown}
 i - 2 potions of curing {unknown}
 j - a potion of heal wounds {unknown}
 t - a potion of degeneration {unknown}
 v - a potion of brilliance {unknown}
Books
 b - a book of Necromancy

   Spells                             Type                      Level
   a - Pain                           Necromancy                   1
   b - Animate Skeleton               Necromancy                   1
   c - Vampiric Draining              Necromancy                   3
   d - Regeneration                   Charms/Necromancy            3
   e - Animate Dead                   Necromancy                   4
   f - Control Undead                 Necromancy                   4
 o - a book of Callings

   Spells                             Type                      Level
   a - Summon Small Mammal            Summoning                    1
   b - Call Imp                       Summoning                    2
   c - Call Canine Familiar           Summoning                    3
   d - Summon Guardian Golem          Hexes/Summoning              3
   e - Summon Lightning Spire         Summoning/Air                4
   f - Summon Ice Beast               Ice/Summoning                4
Comestibles
 c - a bread ration
 f - a meat ration
 u - a chunk of flesh


   Skills:
 - Level 2.1 Dodging
 - Level 2.4 Stealth
 + Level 2.7 Spellcasting
 + Level 6.6 Necromancy


You had 5 spell levels left.
You knew the following spells:

 Your Spells              Type           Power        Failure   Level  Hunger
a - Pain                  Necr           ###.         1%          1    #......
v - Vampiric Draining     Necr           ###.......   4%          3    ###....


Dungeon Overview and Level Annotations

Branches:
Dungeon (4/15)             Temple (1/1) D:4

Altars:
Ashenzari
Hepliaklqana
Makhleb
Nemelex Xobeh
Okawaru
Qazlal
Sif Muna
Uskayaw
Xom
Yredelemnul
Zin
The Shining One

Annotations:
D:3 OnekoMk1's ghost, amateur DEAE
D:4 1 runed door, OnekoMk1's ghost, amateur DEAE


Innate Abilities, Weirdness & Mutations

You are resistant to damage.
You can heal yourself by infusing magical energy.
You passively map a small area around you.
You do not regenerate.


Message History

v - a lumpy puce potion
Found a staircase to the Ecumenical Temple.
There is a staircase to the Ecumenical Temple here.
You climb downwards.
Welcome to the Ecumenical Temple!
There is a staircase back to the Dungeon here.
Unknown command.
Okay, then.
Found three altars.
Found four altars.
Found three altars.
Found a hazy altar of Hepliaklqana.
There is a sparkling altar of Nemelex Xobeh here.
Found a glowing silver altar of Zin.
There is a staircase back to the Dungeon here.
You aren't carrying any pieces of jewellery.
Unknown command.
Wear which item? (? for menu, Esc to quit)
Okay, then.
Okay, then.
Are you sure you want to abandon this character and quit the game? (Confirm with "yes".)

≈≈≈≈≈≈≈≈≈
≈≈≈≈≈≈≈≈≈≈≈≈≈≈.....≈≈≈≈≈≈
≈≈≈≈≈≈≈≈≈≈≈≈≈≈..⌠..≈≈≈≈≈
≈≈≈≈≈≈≈≈≈≈≈≈≈≈.....≈≈≈≈≈
*
≈≈≈≈≈≈≈≈≈≈≈≈≈≈.....≈≈≈≈≈
≈
≈≈≈≈≈≈≈≈≈≈≈≈≈≈.....≈≈≈≈≈
.≈≈≈≈≈≈≈≈≈≈≈≈......≈≈≈≈≈
...................≈≈≈≈≈
*
................@..≈≈≈≈≈
≈
...................≈≈≈≈≈
.≈≈≈≈≈≈≈≈≈≈≈≈......≈≈≈≈≈
≈
≈≈≈≈≈≈≈≈≈≈≈≈≈≈.....≈≈≈≈≈
≈≈≈≈≈≈≈≈≈≈≈≈≈≈.....≈≈≈≈≈
≈≈≈≈≈≈≈≈≈≈≈≈≈≈.....≈≈≈≈≈
≈≈≈≈≈≈≈≈≈≈≈≈≈≈..⌠..≈≈≈≈≈
≈≈≈≈≈≈≈≈≈≈≈≈≈≈.....≈≈≈≈≈
≈≈≈≈≈≈≈ ≈


There were no monsters in sight!

Vanquished Creatures
  A hound (D:4)
  A gnoll shaman (D:4)
  A worker ant (D:4)
  3 gnolls (D:4)
  An adder (D:4)
  An ooze (D:2)
  A worm (D:2)
  5 orcs
  2 bats (D:3)
  3 giant cockroaches
  A goblin (D:2)
  5 hobgoblins
  2 jackals
  A kobold (D:2)
  2 quokkas (D:3)
  A frilled lizard (D:1)
  5 rats
36 creatures vanquished.

Notes
Turn   | Place    | Note
-------+----------+-------------------------------------------
     0 | D:1      | letownia2 the Deep Dwarf Necromancer began the quest for the Orb.
     0 | D:1      | Reached XP level 1. HP: 15/15 MP: 3/3
   502 | D:1      | Reached XP level 2. HP: 22/22 MP: 0/5
   822 | D:4      | Noticed OnekoMk1's ghost (amateur DEAE)
   848 | D:4      | Reached skill level 5 in Necromancy
   848 | D:4      | Reached XP level 3. HP: 21/28 MP: 0/6
   951 | D:4      | Reached XP level 4. HP: 27/36 MP: 1/7
  1027 | D:4      | Reached skill level 6 in Necromancy
  1032 | D:4      | Learned a level 3 spell: Vampiric Draining
  1490 | D:4      | HP: 1/36 [OnekoMk1's ghost/the air (12)]
  1686 | D:3      | Noticed OnekoMk1's ghost (amateur DEAE)
  1845 | D:4      | Reached XP level 5. HP: 39/42 MP: 0/9
  1971 | D:4      | Found a runed door.
  1994 | D:4      | Found a staircase to the Ecumenical Temple.
  2001 | Temple   | Entered the Ecumenical Temple
  2044 | Temple   | Quit the game

Skill      XL: |  1  2  3  4 |
---------------+-------------+-----
Spellcasting   | 2 |  2.7
Necromancy     | 5 6 |  6.6
Dodging        | |  2.1
Stealth        | |  2.4

Action                   |  1- 3 |  4- 6 || total
-------------------------+-------+-------++-------
Melee: Unarmed           |     5 |       ||     5
       Dagger            |       |    14 ||    14
Throw: Tomahawk          |     4 |       ||     4
 Cast: Pain              |    34 |    20 ||    54
       Vampiric Draining |       |    18 ||    18
  Eat: Chunk             |     1 |     5 ||     6
Armor: Robe              |     2 |       ||     2
       Leather armour    |     1 |    12 ||    13
Dodge: Dodged            |    10 |    50 ||    60
